 Dungeon Crawl Stone Soup version 0.20-a0-945-g3bf614a (webtiles) character file.

464 KnobCreek the Magician (level 6, 0/41 HPs)
             Began as a Mummy Wizard on Apr 1, 2017.
             Was an Initiate of Sif Muna.
             Killed from afar by an orc wizard (6 damage)
             ... with a magic dart
             ... on level 4 of the Dungeon.
             The game lasted 00:17:49 (4431 turns).

KnobCreek the Magician (Mummy Wizard)               Turns: 4431, Time: 00:17:50

Health: 0/41       AC:  3    Str: 10    XL:     6   Next: 80%
Magic:  7/15       EV: 12    Int: 19    God:    Sif Muna [......]
Gold:   97         SH:  0    Dex: 11    Spells: 4/17 levels left

rFire    x . .     SeeInvis .   d - +1 spear
rCold    + . .     Gourm    .   (no shield)
rNeg     + + +     Faith    .   a - +0 robe
rPois    ∞         Spirit   .   b - +1 hat
rElec    .         Reflect  .   (no cloak)
rCorr    .         Harm     .   (no gloves)
MR       .....                  (no boots)
Stlth    +++.......             (no amulet)
Regen    0.2/turn               h - ring of stealth
MPRegen  0.2/turn               (no ring)

@: very slightly contaminated
A: no food or potions, fire vulnerability, cold resistance 1, negative energy
resistance 3, torment resistance, unbreathing
a: Renounce Religion


You were on level 4 of the Dungeon.
You worshipped Sif Muna.
Sif Muna was noncommittal.
You were not hungry.

You visited 1 branch of the dungeon, and saw 4 of its levels.

You collected 97 gold pieces.

Inventory:

Hand Weapons
 d - a +1 spear (weapon)
 g - a +1 mace of draining
Missiles
 e - 77 stones (quivered)
Armour
 a - a +0 robe (worn)
 b - a +1 hat (worn)
 i - a +0 leather armour
Magical Staves
 q - an uncursed staff of cold
Jewellery
 h - a ring of stealth (left hand)
Wands
 m - a wand of polymorph (15/24)
 n - a wand of random effects (28/48)
Scrolls
 f - 2 scrolls of enchant weapon
 j - 2 scrolls of teleportation
 k - 3 scrolls of identify
 l - a scroll of remove curse
 o - a scroll of blinking
 p - a scroll of fog
Books
 c - a book of Minor Magic

   Spells                             Type                      Level
   a - Magic Dart                     Conjuration                  1
   b - Blink                          Translocation                2
   c - Call Imp                       Summoning                    2
   d - Slow                           Hexes                        2
   e - Conjure Flame                  Conjuration/Fire             3
   f - Mephitic Cloud                 Conjuration/Poison/Air       3


   Skills:
 * Level 2.7 Dodging
 - Level 1.5 Stealth
 - Level 6.0 Spellcasting
 - Level 0.7 Conjurations
 * Level 4.4 Summonings
 - Level 0.7 Translocations


You had 4 spell levels left.
You knew the following spells:

 Your Spells              Type           Power        Failure   Level  Hunger
a - Magic Dart            Conj           #...         10%         1    N/A
b - Blink                 Tloc           N/A          14%         2    N/A
c - Call Imp              Summ           ###.....     3%          2    N/A
d - Slow                  Hex            #.......     17%         2    N/A
e - Conjure Flame         Conj/Fire      #.......     34%         3    N/A
f - Mephitic Cloud        Conj/Pois/Air  #.......     34%         3    N/A

Dungeon Overview and Level Annotations

Branches:
Dungeon (4/15)
 Temple: D:4-7

Altars:
Sif Muna
Trog
Zin


Innate Abilities, Weirdness & Mutations

You do not eat or drink.
Your flesh is vulnerable to fire.
You are immune to poison.
Your flesh is cold resistant. (rC+)
You are immune to negative energy. (rN+++)
You are immune to unholy pain and torment.
You can survive without breathing.


Message History

Aiming: Conjure Flame
Press: ? - help, Dir - move target cursor
Okay, then.
Casting: Conjure Flame
Confirm with . or Enter, or press ? or * to list all spells.
Aiming: Mephitic Cloud
Press: ? - help, Shift-Dir - straight line You miscast Mephitic Cloud.
You are very lightly contaminated with residual magic.
You are momentarily dazzled by a flash of light!
Your white imp misses something.
Casting: Mephitic Cloud
Confirm with . or Enter, or press ? or * to list all spells.
Aiming: Mephitic Cloud
Press: ? - help, Shift-Dir - straight line You miscast Mephitic Cloud.
Nothing appears to happen.
You hear some strange, mumbled words.
A magic dart appears from out of thin air!
The magic dart hits you!
You die...

#..#### #.....
#.... #... #)5#
#..# #.5###
###..##
###@############
##....<.......
#############


You could see a friendly white imp.

Vanquished Creatures
  Terence (D:3)
  9 adders
  A leopard gecko (D:1)
  2 orcs (D:4)
  A ball python (D:2)
  9 giant cockroaches
  4 hobgoblins
  3 jackals (D:1)
  9 kobolds
  2 quokkas (D:3)
  6 bats
  5 frilled lizards
  6 goblins
  3 rats
61 creatures vanquished.

Vanquished Creatures (collateral kills)
  Grinder (D:3)
  2 eyes of draining (D:3)
  Jessica (D:2)
  Natasha (thrice) (D:2)
  A worker ant zombie (D:1)
  2 adders (D:2)
  2 worms (D:2)
  3 dart slugs
  A leopard gecko (D:3)
  An orc (D:4)
  A goblin (D:2)
  A hobgoblin (D:2)
  A jackal (D:1)
  A ball python (D:2)
  A frilled lizard (D:2)
  A kobold (D:2)
  A rat (D:2)
24 creatures vanquished.

Grand Total: 85 creatures vanquished

Notes
Turn   | Place    | Note
-------+----------+-------------------------------------------
     0 | D:1      | KnobCreek the Mummy Wizard began the quest for the Orb.
     0 | D:1      | Reached XP level 1. HP: 13/13 MP: 5/5
   238 | D:1      | Reached XP level 2. HP: 12/19 MP: 1/7
   350 | D:1      | Learned a level 2 spell: Blink
   353 | D:1      | Learned a level 2 spell: Call Imp
   356 | D:1      | Learned a level 2 spell: Slow
   808 | D:1      | Reached skill level 5 in Spellcasting
  1106 | D:1      | Reached skill level 1 in Summonings
  1106 | D:1      | Reached XP level 3. HP: 17/24 MP: 1/9
  1658 | D:2      | Noticed Natasha
  1666 | D:2      | Killed Natasha
  1892 | D:2      | Noticed Natasha
  1910 | D:2      | Killed Natasha
  1910 | D:2      | Reached XP level 4. HP: 4/30 MP: 3/11
  1936 | D:2      | Noticed Natasha
  2182 | D:2      | Reached skill level 6 in Spellcasting
  2213 | D:2      | Learned a level 3 spell: Conjure Flame
  2217 | D:2      | Learned a level 3 spell: Mephitic Cloud
  2235 | D:2      | Found a glowing silver altar of Zin.
  2333 | D:2      | Killed Natasha
  2832 | D:2      | Reached XP level 5. HP: 35/35 MP: 8/13
  3203 | D:2      | Noticed Jessica
  3210 | D:2      | Killed Jessica
  3419 | D:3      | Noticed Terence
  3460 | D:3      | Killed Terence
  3521 | D:3      | Noticed an eye of draining
  3627 | D:3      | Found a bloodstained altar of Trog.
  3627 | D:3      | Noticed an eye of draining
  3643 | D:3      | Killed an eye of draining
  3643 | D:3      | Reached XP level 6. HP: 41/41 MP: 1/15
  3855 | D:3      | Found a deep blue altar of Sif Muna.
  3861 | D:3      | Became a worshipper of Sif Muna the Loreminder
  3872 | D:3      | Noticed Grinder
  3886 | D:3      | Paralysed by Grinder for 4 turns
  3911 | D:3      | Killed Grinder
  4431 | D:4      | Killed from afar by an orc wizard

Vault maps used:
D:1:      saegor_arrival_simple_c
D:2:      zin_treasury, first_bread, corexii_item_surrounded_by_moat,
          uniq_jessica, uniq_natasha
D:3:      trog_eyes_of_draining, nicolae_overflow_crystal_walls, uniq_terence,
          uniq_grinder
D:4:      temple_statues, grunt_ministairs_5

Skill      XL: |  1  2  3  4  5  6 |
---------------+-------------------+-----
Spellcasting   | 5 6 |  6.0
Summonings     | 1 2 3 4 |  4.4
Dodging        | 2 |  2.7
Stealth        | |  1.5
Conjurations   | |  0.7
Translocations | |  0.7

Action                   |  1- 3 |  4- 6 || total
-------------------------+-------+-------++-------
Melee: Spear             |    48 |   107 ||   155
 Cast: Magic Dart        |    70 |    51 ||   121
       Call Imp          |    15 |    42 ||    57
       Mephitic Cloud    |       |     2 ||     2
       Blink             |       |     2 ||     2
  Use: Scroll            |     5 |     4 ||     9
 Stab: Confused          |       |     1 ||     1
Armor: Robe              |    16 |    25 ||    41
Dodge: Dodged            |    42 |    66 ||   108
